 Dungeon Crawl Stone Soup version bcrawl-1.12.2 (webtiles) character file.

Game seed: 16912756172782869759

145 Chiseanne the Skirmisher (level 5, 0/47 HPs)
             Began as a Djinni Archaeologist on July 22, 2019.
             Succumbed to Ijyb's poison
             ... on level 3 of the Dungeon.
             The game lasted 00:05:36 (2644 turns).

Chiseanne the Skirmisher (Djinni Archaeologist)     Turns: 2644, Time: 00:05:36

Health: 0/47       AC: 10    Str: 13    XL:     5   Next: 6%
Magic:  3/3        EV:  9    Int: 22    God:
Gold:   127        SH:  0    Dex: 10    Spells: 4/4 levels left

rFire    + . .     SeeInvis .   a - +2 war axe
rCold    . . .     Gourm    .   (no shield)
rNeg     . . .     Faith    .   u - +1 scale mail
rPois    .         Spirit   .   c - +1 hat
rElec    .         Reflect  .   (no cloak)
rCorr    .         Harm     .   h - +1 pair of gloves
MR       .....                  (boots unavailable)
Stlth    +.........             (no amulet)
HPRegen  0.15/turn              m - ring of protection from fire
MPRegen  0.08/turn              (no ring)

@: brilliant, lethally poisoned (0 -> -7), flying, studying Fighting
A: fixed mp, +cast, floating
a: no special abilities


You were on level 3 of the Dungeon.
You were not hungry.

You visited 1 branch of the dungeon, and saw 3 of its levels.

You collected 127 gold pieces.

Inventory:

Hand Weapons
 a - a +2 war axe (weapon)
 k - a +2 dagger of venom
 r - a +3 whip of draining
 w - a +0 hunting sling
Missiles
 b - 121 bolts
 d - 361 stones
 i - 123 javelins (quivered)
 j - 645 arrows
 n - 199 sling bullets
 q - 98 tomahawks
Armour
 c - a +1 hat (worn)
 h - a +1 pair of gloves (worn)
 u - a +1 scale mail (worn)
Jewellery
 m - a ring of protection from fire (left hand)
Scrolls
 s - a scroll of remove curse
 t - a scroll of amnesia
Potions
 l - 2 potions of brilliance
Books
 e - a manual of Fighting
Miscellaneous
 f - an ancient crate
Comestibles
 g - 6 rations {!d}


   Skills:
 + Level 6.4 Fighting
 - Level 1.0 Maces & Flails
 - Level 3.0 Dodging
 - Level 2.6 Stealth


You had 4 spell levels left.
You didn't know any spells.
Your spell library was empty.

Dungeon Overview and Level Annotations

Branches:
Dungeon (3/12)

Altars:
Fedhas
The Shining One


Innate Abilities, Weirdness & Mutations

You cannot gain maximum magic capacity.
You can pull magic from your surroundings.
Your body floats in the air.


Message History

You feel sick.
* * * LOW HITPOINT WARNING * * *
You feel sick.
Items here: % ) [ ÷ a +0 hunting sling; a +0 leather armour; 2 chunks of flesh the goblin skeleton of Ijyb
* * * LOW HITPOINT WARNING * * *
You feel sick.
* * * LOW HITPOINT WARNING * * *
You feel sick.
* * * LOW HITPOINT WARNING * * *
You feel sick.
Okay, then.
* * * LOW HITPOINT WARNING * * *
You feel sick.
* * * LOW HITPOINT WARNING * * *
You feel sick.
* * * LOW HITPOINT WARNING * * *
You feel sick.
You die...

#.#.####.#####... #.#.####.###
.# ..# #..........# #.#
###.####.#.. #.# #÷# #.### #.#
#.# #.# #.# #.# #.# #
.######.# #)####.#####..#
.)....... #........@!...#
###.. ######.#####..# #....
##.......!.># #.##.
####.....#####. #.##.
#.........# #.##. #.##.......#
#.##>
#.#...(.....##.########.##.
##g#.................††..##.
###............#..###.#######.


There were no monsters in sight!

Vanquished Creatures
  Jessica (D:3)
  Natasha (D:3)
  Ijyb (D:3)
  2 oozes
  A worm (D:1)
  5 dart slugs
  3 leopard geckos
  6 orcs (D:3)
  2 giant cockroaches
  A goblin (D:3)
  3 hobgoblins (D:1)
  2 jackals (D:3)
  3 kobolds
  4 quokkas
  A ball python (D:1)
  5 bats
  3 rats
44 creatures vanquished.

Notes
Turn   | Place    | Note
-------+----------+-------------------------------------------
     0 | D:1      | Chiseanne the Djinni Archaeologist began the quest for the
                  | Orb.
     0 | D:1      | Reached XP level 1. HP: 15/15 MP: 3/3
   152 | D:1      | Reached skill level 2 in Fighting
   152 | D:1      | Reached XP level 2. HP: 15/22 MP: 3/3
   967 | D:2      | Found a blossoming altar of Fedhas.
   988 | D:2      | Reached skill level 3 in Fighting
  1026 | D:2      | Reached XP level 3. HP: 14/29 MP: 3/3
  1872 | D:3      | Reached skill level 4 in Fighting
  2060 | D:3      | Noticed Jessica
  2068 | D:3      | Killed Jessica
  2068 | D:3      | Reached skill level 5 in Fighting
  2068 | D:3      | Reached XP level 4. HP: 20/39 MP: 3/3
  2451 | D:3      | Noticed Natasha
  2459 | D:3      | Killed Natasha
  2527 | D:3      | Found a glowing golden altar of the Shining One.
  2581 | D:3      | Noticed Ijyb
  2586 | D:3      | Reached skill level 6 in Fighting
  2624 | D:3      | Killed Ijyb
  2624 | D:3      | Reached XP level 5. HP: 17/47 MP: 3/3
  2641 | D:3      | HP: 2/47 [poisoned by Ijyb]
  2644 | D:3      | Succumbed to Ijyb's poison

Skill      XL: |  1  2  3  4 |
---------------+-------------+-----
Fighting       | 2 3 5 6 |  6.4
Maces & Flails | |  1.0
Dodging        | |  3.0
Stealth        | |  2.6

Action                   |  1- 3 |  4- 6 || total
-------------------------+-------+-------++-------
Melee: Whip              |    30 |       ||    30
       Hand axe          |    69 |       ||    69
       War axe           |    25 |    41 ||    66
       Unarmed           |       |     3 ||     3
  Use: Scroll            |     6 |     6 ||    12
       Potion            |       |     2 ||     2
 Stab: Sleeping          |     6 |       ||     6
  Eat: Chunk             |     4 |     2 ||     6
Armor: Robe              |    43 |       ||    43
       Scale mail        |     5 |    32 ||    37
Dodge: Dodged            |    89 |    26 ||   115
